 Dungeon Crawl Stone Soup version 0.24.0-2-g5b39cebb1c (webtiles) character file.

Game seed: 15015318152558066922, levelgen mode: deterministic

58 Gumption the Ducker (level 4, 0/33 HPs)
             Began as a Merfolk Transmuter on Oct 31, 2019.
             Succumbed to an adder's poison
             ... on level 2 of the Dungeon.
             The game lasted 00:17:57 (2630 turns).

Gumption the Ducker (Merfolk Transmuter)            Turns: 2630, Time: 00:17:57

Health: 0/33       AC:  2    Str: 16    XL:     4   Next: 2%
Magic:  6/7        EV: 19    Int: 12    God:
Gold:   66         SH:  0    Dex: 19    Spells: 1/7 levels left

rFire    . . .     SeeInvis .   a - +0 whip
rCold    . . .     Gourm    .   (no shield)
rNeg     . . .     Faith    .   b - +0 robe
rPois    .         Spirit   .   (no helmet)
rElec    .         Reflect  .   (no cloak)
rCorr    .         Harm     .   (no gloves)
MR       .....                  (no boots)
Stlth    +++.......             (no amulet)
HPRegen  0.11/turn              (no ring)
MPRegen  0.10/turn              (no ring)

@: mighty, agile, lethally poisoned (0 -> -2), flying
A: change form in water, swift swim, stealthy swim
a: no special abilities


You were on level 2 of the Dungeon.
You were very hungry.

You visited 1 branch of the dungeon, and saw 2 of its levels.

You collected 66 gold pieces.

Inventory:

Hand Weapons
 a - a +0 whip (weapon)
Missiles
 f - 22 arrows
 h - 9 stones (quivered)
 i - 20 sling bullets
 m - 8 poisoned darts
Armour
 b - a +0 robe (worn)
Jewellery
 g - a cursed ring of attention {unknown}
Scrolls
 d - 2 scrolls of teleportation {unknown}
 k - a scroll of enchant armour {unknown}
 l - a scroll of amnesia {unknown}
Potions
 c - a potion of might
 j - a potion of agility
Comestibles
 e - 4 rations


   Skills:
 + Level 2.0 Fighting
 + Level 3.4 Dodging
 + Level 1.6 Stealth
 - Level 3.2 Unarmed Combat
 + Level 2.4 Spellcasting
 + Level 3.4 Transmutations


You had one spell level left.
You knew the following spells:

 Your Spells              Type           Power        Failure   Level  Hunger
a - Beastly Appendage     Tmut           #.....       6%          1    ##.....
b - Sticks to Snakes      Tmut           #.......     10%         2    ###....
c - Spider Form           Tmut/Pois      #.........   36%         3    ####...

Your spell library contained the following spells:

 Spells                   Type           Power        Failure   Level  Hunger
 Ice Form                 Ice/Tmut       #.......     77%         4    #####..
 Blade Hands              Tmut           #.........   87%         5    ######.


Dungeon Overview and Level Annotations

Branches:
Dungeon (2/15)

Altars:


Message History

You feel very mighty all of a sudden.
* * * LOW HITPOINT WARNING * * *
You feel sick.
There is a lethal amount of poison in your body!
It was a potion of agility.
You feel agile all of a sudden.
It was a potion of flight.
You feel very buoyant.
You fly up into the air.
* * * LOW HITPOINT WARNING * * *
You feel sick.
Your horns disappear.
* * * LOW HITPOINT WARNING * * *
You feel sick.
Things that are here:
a jackal corpse x2
* * * LOW HITPOINT WARNING * * *
You feel sick.
An adder comes into view.
You die...

..###. ..## .# S#
.# ....## .#... #
# ... # #.##.# #
#.#.$##.# #
#.!@....# #
###.##### # #.# #
#.# # #†# ######
########.#
.<...####........#
####.....#.#######
# ######.##


You could see an adder (wandering).

Vanquished Creatures
  2 adders (D:2)
  A worm (D:2)
  3 dart slugs (D:1)
  A leopard gecko (D:1)
  A ball python (D:1)
  6 bats (D:1)
  2 giant cockroaches (D:1)
  4 goblins
  A hobgoblin (D:2)
  2 jackals (D:2)
  8 kobolds
  3 rats
34 creatures vanquished.

Vanquished Creatures (collateral kills)
  A kobold (D:1)
1 creature vanquished.

Grand Total: 35 creatures vanquished

Notes
Turn   | Place    | Note
-------+----------+-------------------------------------------
     0 | D:1      | Gumption the Merfolk Transmuter began the quest for the
                  | Orb.
     0 | D:1      | Reached XP level 1. HP: 15/15 MP: 3/3
   431 | D:1      | Reached XP level 2. HP: 21/21 MP: 3/5
   435 | D:1      | Learned a level 2 spell: Sticks to Snakes
   972 | D:1      | Reached skill level 1 in Stealth
  1236 | D:1      | Reached XP level 3. HP: 20/26 MP: 4/6
  1777 | D:1      | Learned a level 3 spell: Spider Form
  2617 | D:2      | Reached XP level 4. HP: 6/33 MP: 4/7
  2627 | D:2      | HP: 1/33 [poisoned by an adder]
  2630 | D:2      | Succumbed to an adder's poison

Levels and vault maps discovered:
D:1:      wander_arrival_chamber, layout_loops_ring, serial_co_window_serial,
          co_window_paths_b, co_window_corner_a, co_window_corner_a,
          co_window_paths_b, co_window_corner_a, co_window_cross_4,
          co_window_of_opportunity_c, co_window_broadway_b, co_window_2corner,
          co_window_paths_c, co_window_corner_cb, glass_columns_a,
          glass_columns_b, glass_columns_b, glass_columns_c,
          minmay_misc_feat_plants, st_stairs_3
D:2:      layout_loops_cross

Skill      XL: |  1  2  3 |
---------------+----------+-----
Transmutations | 3 |  3.4
Dodging        | 3 |  3.4
Stealth        | 1 |  1.6
Fighting       | 2 |  2.0
Unarmed Combat | |  3.2
Spellcasting   | |  2.4

Action                   |  1- 3 |  4- 6 || total
-------------------------+-------+-------++-------
Melee: Unarmed           |    21 |       ||    21
       Headbutt          |    19 |       ||    19
       Whip              |   109 |       ||   109
       Punch             |     1 |       ||     1
Throw: Stone             |     4 |       ||     4
 Cast: Beastly Appendage |    25 |       ||    25
       Sticks to Snakes  |     6 |       ||     6
  Use: Potion            |       |     3 ||     3
 Stab: Sleeping          |     1 |       ||     1
  Eat: Chunk             |     2 |       ||     2
       Ration            |     1 |       ||     1
Armor: Robe              |    26 |       ||    26
Dodge: Dodged            |    91 |       ||    91
